 Dungeon Crawl Stone Soup version 0.17-a0-1882-g750edc8 (webtiles) character file.

73725 4thArraOfDagon the Severer (level 15, 0/129 HPs)
             Began as a Deep Dwarf Berserker on Sept 22, 2015.
             Was a High Priest of Trog.
             Slain by an emperor scorpion (13 damage)
             ... on level 4 of the Spider Nest.
             The game lasted 00:58:01 (7552 turns).

4thArraOfDagon the Severer (Deep Dwarf Berserker)   Turns: 7552, Time: 00:58:01

Health: 0/129      AC: 31    Str: 27    XL:     15   Next: 4%
Magic:  17/17      EV:  9    Int: 11    God:    Trog [*****.]
Gold:   734        SH:  0    Dex: 12    Spells: 0 memorised, 14 levels left

rFire  + . .     SeeInvis .     q - +4 war axe
rCold  . . .     Clarity  .     t - +2 plate armour {rF+}
rNeg   + . .     SustAt   .     (no shield)
rPois  +         Gourm    .     w - +2 helmet {Int+3}
rElec  .         Spirit   .     H - +2 cloak
rCorr  .         Warding  .     h - +0 pair of gloves
rMut   .         Stasis   .     x - +2 pair of boots {Stlth+}
MR     ++...                    K - amulet of faith
Stlth  ..........               r - ring of poison resistance
                                g - +3 ring of slaying

@: lethally poisoned (0 -> -10), exhausted, non-regenerating, very resistant to
hostile enchantments, extremely unstealthy
A: damage resistance, recharge devices, negative energy resistance 1, sense
surroundings 2, slow healing 3
a: Device Recharging, Burn Spellbooks, Berserk, Trog's Hand, Brothers in Arms,
Renounce Religion


You were on level 4 of the Spider Nest.
You worshipped Trog.
Trog was extremely pleased with you.
You were not hungry.

You visited 4 branches of the dungeon, and saw 25 of its levels.
You also visited: Labyrinth, Bailey and Ice Cave.

You collected 2051 gold pieces.
You spent 1317 gold pieces at shops.

Inventory:

Hand weapons
 e - a +1 hand axe of freezing
 q - a +4 war axe (weapon)
Missiles
 C - 2 throwing nets (quivered)
Armour
 a - a +0 plate armour of magic resistance
 h - a +0 pair of gloves (worn)
 t - a +2 plate armour of fire resistance (worn)
 w - a +2 helmet of intelligence (worn)
 x - a +2 pair of boots of stealth (worn)
 H - a +2 cloak (worn)
Jewellery
 f - an uncursed amulet of resist corrosion
 g - a +3 ring of slaying (left hand)
 j - the ring "Odotz" {Fire MR+ Int-4 Dex+7 Stlth+}
   (You bought it in a shop on level 2 of the Orcish Mines)

   [ring of fire]

   It enhances your fire magic, and weakens your ice magic.
   It affects your intelligence (-4).
   It affects your dexterity (+7).
   It protects you from fire.
   It makes you vulnerable to cold.
   It affects your resistance to hostile enchantments.
   It makes you more stealthy.
 n - a +2 ring of protection {unknown}
 o - an uncursed ring of protection from cold
 r - a ring of poison resistance (right hand)
 u - an uncursed ring of ice
 y - the ring of Qatzeciuni {MR+ Str+4}
   (You found it in a labyrinth)

   [ring of strength]

   It affects your strength (+4).
   It affects your resistance to hostile enchantments.
 D - a cursed amulet of inaccuracy {unknown}
 K - an amulet of faith (around neck)
 Q - a +5 ring of intelligence {unknown}
 R - an uncursed ring of protection from fire {unknown}
Magical devices
 c - a wand of heal wounds (2)
 i - a wand of random effects (12)
 J - a wand of heal wounds (0)
 N - a wand of polymorph (8)
 S - a wand of magic darts (42)
Scrolls
 s - a scroll of fog
 E - a scroll of magic mapping
 I - a scroll of enchant weapon {unknown}
 M - a scroll of summoning {unknown}
Potions
 b - 2 potions of flight
 l - a potion of brilliance
 z - a potion of curing
 A - 2 potions of haste
 F - a potion of cancellation
Books
 L - a book of the Sky

   Spells                             Type                      Level
   a - Summon Lightning Spire         Summoning/Air                4
   b - Airstrike                      Air                          4
   c - Silence                        Hexes/Air                    5
   d - Deflect Missiles               Charms/Air                   6
   e - Conjure Ball Lightning         Conjuration/Air              6
   f - Tornado                        Air                          9
   Trog disapproves of the use of such an item.
 P - a book of the Tempests

   Spells                             Type                      Level
   a - Static Discharge               Conjuration/Air              3
   b - Lightning Bolt                 Conjuration/Air              5
   c - Fireball                       Conjuration/Fire             5
   d - Tornado                        Air                          9
   e - Shatter                        Earth                        9
   Trog disapproves of the use of such an item.
Miscellaneous
 k - a plain deck of defence {drawn: 6}
 m - a crystal ball of energy
 v - a phantom mirror
Comestibles
 d - 5 bread rations
 p - 3 meat rations
 G - a chunk of flesh


   Skills:
 - Level 7.3 Fighting
 * Level 19.6 Axes
 + Level 14.5 Armour
 - Level 2.1 Dodging
 - Level 14.1 Evocations


You had 14 spell levels left.
You didn't know any spells.

Dungeon Overview and Level Annotations

Branches:
Dungeon (9/15)               Lair (8/8) D:9           Swamp (0/4) Lair:4
 Spider (4/4) Lair:4          Orc (4/4) D:9             Elf (0/3) Orc:3
 Temple: D:4-7        Slime: Lair:6-8

Altars:
Makhleb
Sif Muna
The Shining One

Shops:
Orc:2 =   Orc:4 %(%}

Portals:
Hell: Lair:8
Pandemonium: Orc:4

Annotations:
Lair:2 exclusion: oklob plant
Lair:8 Rupert


Innate Abilities, Weirdness & Mutations

You are resistant to damage.
You can recharge devices by infusing magical energy.
You resist negative energy.
You passively map the area around you.
You do not heal naturally.


Message History

Zapping:
c - a wand of heal wounds (3)
Press: ? - help, Shift-Dir - straight line, f - you You feel much better.
This wand has 2 charges left.
You feel less woody.
Your +2 cloak unmelds from your body.
Your +2 helmet of intelligence unmelds from your body.
Your +0 pair of gloves unmelds from your body.
Your +2 pair of boots of stealth unmelds from your body.
Your +2 plate armour of fire resistance unmelds from your body.
You feel clever.
You feel stealthy.
You feel resistant to fire.
You feel very sick. The emperor scorpion stings you.
The emperor scorpion claws you but does no damage.
The emperor scorpion claws you!
* * * LOW HITPOINT WARNING * * *
The redback bites you!
* * * LOW HITPOINT WARNING * * *
The emperor scorpion stings you!
You die...

, ,, , ,
≈.....#.^. * ,
, #≈...^#.. ,,
,, #^...^.. , ,
,^..^..# , , *
#.s...# , ,, ,,
,##.s...# , ,
##≈sss..#
#≈.s@†..## ,, ,
,,,#..†.†..^#,,
,,, * *
#.≈.....^# ,
,,, ##......)#
, * *, ,
#......≈# , , ,
,, ##^...^.# ,,
* #..#.#.#* * ,
,, ##≈..^.####
, ,
,###^.....#≈##


You could see 3 emperor scorpions, an orb spider and 2 redbacks.

Vanquished Creatures
  A ghost moth (Spider:4)
  An emperor scorpion (Spider:3)
  Snorg (Lair:6)
  A minotaur (Lab)
  A hydra (Lair:8)
  Harold (Lair:4)
  A hell beast (Lair:8)
  4 death yaks (Lair:3)
  6 orc high priests (Orc:4)
  A wizard (Lair:8)
  A fire crab (Lair:7)
  A gelid demonspawn (Orc:4)
  A torturous demonspawn (Orc:4)
  5 orc sorcerers (Orc:4)
  A putrid demonspawn (Orc:4)
  20 wolf spiders
  4 orc knights (Orc:4)
  4 hornets
  A griffon (Lair:7)
  2 orb spiders
  A sixfirhy (Orc:4)
  18 elephants
  An octopode (Spider:4)
  Joseph (D:7)
  A torpor snail (Spider:3)
  3 black mambas
  A rust devil (Orc:4)
  2 orange demons
  7 spiny frogs
  A fire drake (Spider:4)
  8 demonic crawlers
  8 komodo dragons
  A hellwing (Lair:8)
  4 blue devils (Lair:8)
  16 jumping spiders
  16 trapdoor spiders
  16 tarantellas
  17 redbacks
  A wyvern (Lair:6)
  23 yaks
  4 hippogriffs
  2 hungry ghosts (Lab)
  2 basilisks
  A steam dragon (Lair:7)
  12 water moccasins
  A neqoxec (Orc:4)
  A warg (Orc:2)
  4 hell hounds (Lair:8)
  7 porcupines
  26 orc warriors
  A wasp (Spider:3)
  2 swamp drakes
  A black bear (D:8)
  14 ice beasts
  11 spiders
  8 ogres
  2 centaurs
  3 giant frogs
  9 crocodiles
  A scorpion (D:9)
  3 wights (D:9)
  An electric eel (Lair:6)
  A crimson imp (D:8)
  A jelly (D:9)
  A quasit (D:9)
  A hound (D:4)
  A giant frog skeleton (D:9)
  6 iguanas
  26 orc priests
  5 worker ants
  4 sheep (Lair:3)
  9 orc wizards
  A gnoll (Bailey)
  7 adders
  15 river rats
  123 orcs
  A giant cockroach (D:1)
  A hobgoblin (Bailey)
  4 jackals
  5 kobolds
  3 quokkas
  A ball python (D:7)
  3 bats (D:9)
  A giant gecko zombie (D:7)
  5 goblins
  4 rats
  4 fungi
  2 plants (Lair:8)
555 creatures vanquished.

Vanquished Creatures (collateral kills)
  A soul eater (Orc:4)
  An orc knight (Orc:4)
  4 blink frogs (Lair:6)
  An orc priest (Orc:4)
  An iguana (Lair:6)
  An orc (Orc:4)
9 creatures vanquished.

Vanquished Creatures (others)
  An orc wizard (D:7)
  4 fungi (Lair:8)
  3 plants (Lair:8)
8 creatures vanquished.

Grand Total: 572 creatures vanquished

Notes
Turn   | Place    | Note
--------------------------------------------------------------
     0 | D:1      | 4thArraOfDagon the Deep Dwarf Berserker began the quest for the Orb.
     0 | D:1      | Reached XP level 1. HP: 20/20 MP: 1/1
    37 | D:2      | Reached XP level 2. HP: 27/27 MP: 2/2
   125 | D:2      | Reached skill level 4 in Axes
   125 | D:2      | Reached XP level 3. HP: 29/34 MP: 3/3
   191 | D:2      | Found a glowing golden altar of the Shining One.
   414 | D:4      | Reached XP level 4. HP: 29/42 MP: 4/4
   478 | D:5      | Entered Level 5 of the Dungeon
   478 | D:5      | Noticed an ogre
   485 | D:5      | Killed an ogre
   485 | D:5      | Reached skill level 5 in Axes
   485 | D:5      | Reached XP level 5. HP: 16/49 MP: 5/5
   609 | D:7      | Noticed Joseph
   609 | D:7      | Noticed an ogre
   610 | D:7      | Noticed an ogre
   614 | D:7      | Acquired Trog's second power
   629 | D:7      | Killed an ogre
   629 | D:7      | Reached XP level 6. HP: 20/57 MP: 6/6
   640 | D:7      | Reached skill level 6 in Axes
   645 | D:7      | Killed an ogre
   677 | D:7      | Killed Joseph
   677 | D:7      | Reached skill level 7 in Axes
   677 | D:7      | Reached skill level 5 in Armour
   677 | D:7      | Reached XP level 7. HP: 51/66 MP: 5/5
   780 | D:7      | Found a flagged portal.
   787 | D:7      | Reached skill level 1 in Evocations
   805 | Bailey   | Entered a bailey
   955 | Bailey   | HP: 3/66 [orc warrior/war axe (4)]
   957 | Bailey   | Reached XP level 8. HP: 37/73 MP: 5/5
   957 | Bailey   | Reached skill level 5 in Fighting
   957 | Bailey   | Reached skill level 8 in Axes
   973 | Bailey   | Found a burning altar of Makhleb.
   994 | Bailey   | (
  1087 | D:8      | Reached skill level 9 in Axes
  1212 | D:9      | Found a staircase to the Lair.
  1225 | D:9      | Gained mutation: You passively map the area around you. [Deep Dwarf growth]
  1225 | D:9      | Reached XP level 9. HP: 82/82 MP: 8/8
  1257 | D:9      | Found a staircase to the Orcish Mines.
  1266 | Orc:1    | Entered Level 1 of the Orcish Mines
  1356 | Orc:1    | Found a frozen archway.
  1365 | Orc:1    | Reached skill level 5 in Evocations
  1372 | Orc:1    | Reached skill level 10 in Axes
  1415 | IceCv    | Entered an ice cave
  1650 | Orc:2    | Reached XP level 10. HP: 90/92 MP: 9/11
  1701 | Orc:2    | Reached skill level 11 in Axes
  1704 | Orc:2    | Found Picoir's Jewellery Boutique.
  1756 | Orc:2    | Acquired Trog's third power
  1782 | Orc:2    | Found a deep blue altar of Sif Muna.
  1849 | Orc:2    | Bought the ring "Odotz" {Fire MR+ Int-4 Dex+7 Stlth+} for 467 gold pieces
  1850 | Orc:2    | Bought an uncursed ring of poison resistance for 200 gold pieces
  1964 | Orc:3    | Found a staircase to the Elven Halls.
  1987 | Orc:4    | Entered Level 4 of the Orcish Mines
  2086 | Orc:4    | Received a gift from Trog
  2289 | Orc:4    | Noticed an orc knight
  2338 | Orc:4    | Killed an orc knight
  2520 | Orc:4    | Found Jeon's Food Shoppe.
  2522 | Orc:4    | Found Nongua's Food Emporium.
  2523 | Orc:4    | Noticed a soul eater
  2550 | Orc:4    | Killed a soul eater
  2550 | Orc:4    | Reached skill level 12 in Axes
  2594 | Orc:4    | Noticed a sixfirhy
  2601 | Orc:4    | Killed a sixfirhy
  2760 | Orc:4    | Noticed an orc high priest
  2797 | Orc:4    | Reached XP level 11. HP: 97/100 MP: 13/13
  2837 | Orc:4    | Noticed an orc knight
  2842 | Orc:4    | Noticed an orc knight
  2879 | Orc:4    | Killed an orc knight
  2886 | Orc:4    | Killed an orc high priest
  2949 | Orc:4    | Noticed an orc high priest
  2965 | Orc:4    | Killed an orc high priest
  2966 | Orc:4    | Noticed a rust devil
  2980 | Orc:4    | Killed an orc knight
  3016 | Orc:4    | Noticed an orc sorcerer
  3016 | Orc:4    | Noticed an orc knight
  3017 | Orc:4    | Noticed an orc high priest
  3021 | Orc:4    | Noticed an orc high priest
  3064 | Orc:4    | Killed an orc sorcerer
  3064 | Orc:4    | Reached skill level 13 in Axes
  3074 | Orc:4    | Killed an orc knight
  3090 | Orc:4    | Noticed a sun demon
  3093 | Orc:4    | Killed an orc high priest
  3134 | Orc:4    | Noticed an orc sorcerer
  3135 | Orc:4    | Noticed an orc sorcerer
  3146 | Orc:4    | Killed an orc high priest
  3146 | Orc:4    | Reached skill level 10 in Evocations
  3151 | Orc:4    | Killed an orc sorcerer
  3157 | Orc:4    | Killed an orc sorcerer
  3157 | Orc:4    | Reached skill level 10 in Armour
  3252 | Orc:4    | Killed a rust devil
  3298 | Orc:4    | Noticed an orc sorcerer
  3317 | Orc:4    | Killed an orc sorcerer
  3352 | Orc:4    | Noticed an orc high priest
  3406 | Orc:4    | Noticed a soul eater
  3411 | Orc:4    | Killed an orc high priest
  3411 | Orc:4    | Reached skill level 14 in Axes
  3451 | Orc:4    | Noticed an orc high priest
  3451 | Orc:4    | Noticed a gelid demonspawn
  3468 | Orc:4    | Killed an orc high priest
  3474 | Orc:4    | Killed a gelid demonspawn
  3515 | Orc:4    | Noticed an orc sorcerer
  3516 | Orc:4    | Found Esobby's Antique Weapon Boutique.
  3516 | Orc:4    | Found Oratom's Gadget Shop.
  3516 | Orc:4    | Found a one-way gate leading to the halls of Pandemonium.
  3516 | Orc:4    | Noticed a torturous demonspawn
  3516 | Orc:4    | Noticed a putrid demonspawn
  3522 | Orc:4    | Killed an orc sorcerer
  3522 | Orc:4    | Reached XP level 12. HP: 107/109 MP: 16/16
  3525 | Orc:4    | Killed a torturous demonspawn
  3530 | Orc:4    | Killed a putrid demonspawn
  3542 | Orc:4    | :(
  3544 | Orc:4    | WASTED
  3621 | Orc:4    | Noticed an orc knight
  3636 | Orc:4    | Killed an orc knight
  3711 | Orc:2    | Bought an uncursed amulet of resist corrosion for 200 gold pieces
  3711 | Orc:2    | Bought a +3 ring of slaying for 450 gold pieces
  3833 | Lair:1   | Entered Level 1 of the Lair of Beasts
  3963 | Lair:1   | Found a labyrinth entrance.
  3980 | Lab      | Entered a labyrinth
  4189 | Lab      | Noticed a minotaur
  4201 | Lab      | Killed a minotaur
  4201 | Lab      | Reached skill level 15 in Axes
  4221 | Lab      | Got a glittering pewter ring
  4233 | Lab      | Identified the ring of Qatzeciuni {MR+ Str+4} (You found it in a labyrinth)
  4568 | Lair:3   | Reached skill level 16 in Axes
  4577 | Lair:3   | Reached XP level 13. HP: 55/115 MP: 18/18
  4682 | Lair:4   | Found a staircase to the Swamp.
  4717 | Lair:4   | Found a hole to the Spider Nest.
  4779 | Lair:4   | Noticed Harold
  4794 | Lair:4   | Killed Harold
  5248 | Lair:8   | Entered Level 8 of the Lair of Beasts
  5346 | Lair:8   | Noticed Rupert
  5389 | Lair:8   | rotfl
  5508 | Lair:8   | Reached skill level 17 in Axes
  5647 | Lair:8   | Found a burning altar of Makhleb.
  5673 | Lair:8   | Found a gateway to Hell.
  5738 | Lair:8   | Got an ichor-stained scale mail
  5776 | Lair:7   | Identified the +3 scale mail of the Sun {+Blink MR- Int+4 SInv} (You found it on level 8 of the Lair of Beasts)
  6037 | Lair:6   | Noticed Snorg
  6051 | Lair:6   | Killed Snorg
  6152 | Lair:5   | Gained mutation: You resist negative energy. [Deep Dwarf growth]
  6152 | Lair:5   | Reached XP level 14. HP: 109/123 MP: 20/20
  6254 | Spider:1 | Entered Level 1 of the Spider Nest
  6377 | Spider:2 | Reached skill level 18 in Axes
  6554 | Spider:3 | Noticed an emperor scorpion
  6572 | Spider:3 | Killed an emperor scorpion
  6710 | Spider:3 | uhh wtf
  6952 | Spider:4 | Entered Level 4 of the Spider Nest
  7151 | Spider:4 | Reached skill level 19 in Axes
  7430 | Spider:4 | lol
  7447 | Spider:4 | Killed a ghost moth
  7513 | Spider:4 | Noticed an emperor scorpion
  7513 | Spider:4 | Noticed an emperor scorpion
  7519 | Spider:4 | Noticed an emperor scorpion
  7520 | Spider:4 | Received a gift from Trog
  7531 | Spider:4 | Reached XP level 15. HP: 129/129 MP: 15/17
  7552 | Spider:4 | Slain by an emperor scorpion

Vault maps used:
D:1:      sevenhm_arrival_forest_fort_small_4
D:2:      tso_oasis_becter
D:3:      makhleb_grotto_becter, grunt_temple_overflow_open
D:4:      first_bread
D:5:      minmay_temple_entry_large_hall, minmay_misc_feat_four_crosses
D:6:      lemuel_ice_spiral_2, serial_bayou, serial_bayou_pond_a,
          serial_bayou_lagoon_a, serial_bayou_lake_a, serial_bayou_pond_a,
          serial_bayou_pond_e, nicolae_ashenzari_panopticon
D:7:      serial_shops, shop, enter_bailey_3, grunt_ogre_cave,
          okawaru_ov_weapons_minmay, uniq_prince_ribbit1, uniq_joseph,
          uniq_menkaure
D:8:      nicolae_overflow_hidden_temple
D:9:      due_lair_maze_entry_diamond, david_orc_3, st_stairs_10
Lair:1:   lab_entry_generic, serial_bayou_shore_b, infiniplex_staircase_pool_2
Lair:2:   minmay_lair_oklob_bushes
Lair:3:   lemuel_fruit_fields
Lair:4:   minmay_swamp_entry_reptiles, spider_nest_entry_rubble, uniq_nergalle,
          uniq_harold
Lair:5:   bh_autumn_forest_stairs
Lair:6:   st_stairs_8, lookout_lair_type, grunt_forest_large_clearings,
          grunt_megastairs_2, serial_bayou_shore_a, uniq_kirke, uniq_snorg
Lair:7:   minmay_slime_entry_oklob_enclosed, guppyfry_lair_drakes,
          grunt_megastairs_5, lemuel_fruit_fields, serial_bayou_shore_b
Lair:8:   evil_forest, uniq_rupert
Spider:1: hangedman_spider_trapstep, uniq_donald
Spider:2: nicolae_spider_circle_web
Spider:3: nicolae_spider_corner
Spider:4: grunt_spider_rune_parallel
Orc:1:    portal_ice_cave_entry_ice_beasts
Orc:2:    serial_shops, shop, led_sif_book
Orc:3:    nicolae_orc_pool_cavern
Orc:4:    pf_orc_diabolical
Lab:      labyrinth_spiral, nicolae_lab_blocks, nicolae_lab_grate, lab_hedge,
          nicolae_lab_plus, nicolae_lab_very_dead_end, nicolae_lab_do_over,
          labyrinth_skeletal_remains
Bailey:   bailey_axe_3, bailey
IceCv:    ice_cave_statue_garden_02

Action                   |  1- 3 |  4- 6 |  7- 9 | 10-12 | 13-15 || total
-------------------------+-------+-------+-------+-------+-------++-------
Melee: Hand axe          |    45 |    54 |    21 |    29 |       ||   149
       War axe           |       |       |   136 |   486 |   709 ||  1331
Throw: Throwing net      |       |       |       |       |     1 ||     1
Invok: Berserk           |     2 |     4 |    11 |    27 |    22 ||    66
       Trog's Hand       |       |     4 |    11 |    34 |    39 ||    88
       Brothers in Arms  |       |       |       |     3 |     2 ||     5
 Abil: Device Recharging |       |     2 |     2 |       |     4 ||     8
Evoke: Wand              |       |     9 |     6 |       |    27 ||    42
       Deck              |       |       |     2 |     2 |     2 ||     6
  Use: Potion            |       |     4 |       |       |     7 ||    11
       Scroll            |       |     3 |     2 |     7 |    14 ||    26
  Eat: Chunk             |       |     2 |    14 |    44 |    29 ||    89
       Meat ration       |       |     1 |       |       |       ||     1
       Beef jerky        |       |       |       |     1 |     1 ||     2
       Fruit             |       |       |       |       |     9 ||     9
       Bread ration      |       |       |       |       |     1 ||     1
       Pizza             |       |       |       |       |     1 ||     1
